 Dungeon Crawl Stone Soup version 0.30.0-29-ga12c61a403 (webtiles) character file.

Game seed: 2317909989580826216

1503 seaoflcl the Chopper (level 8, 0/70 HPs)
             Began as a Minotaur Fighter on June 9, 2023.
             Was a Believer of Okawaru.
             Slain by Maggie
             ... wielding a +1 war axe of flaming
              (6 damage)
             ... on level 6 of the Dungeon.
             The game lasted 00:08:15 (5366 turns).

seaoflcl the Chopper (Minotaur Fighter)             Turns: 5366, Time: 00:08:16

Health: 0/70       AC: 10    Str: 23    XL:     8   Next: 52%
Magic:  7/7        EV:  9    Int:  5    God:    Okawaru [**....]
Gold:   426        SH:  5    Dex: 10    Spells: 7/7 levels left

rFire   . . .        a - +0 war axe
rCold   . . .        c - +0 buckler
rNeg    . . .        t - +0 chain mail
rPois   .            (helmet restricted)
rElec   .            (no cloak)
rCorr   .            (no gloves)
SInv    +            (no boots)
Will    .....        (no amulet) Stlth
                     y - ring of see invisible
HPRegen 0.31/turn    (no ring)
MPRegen 0.10/turn

%: no passive effects
@: mighty, mesmerised
A: horns 2, retaliatory headbutt
a: Renounce Religion, Heroism


You were on level 6 of the Dungeon.
You worshipped Okawaru.
Okawaru was pleased with you.
You visited 1 branch of the dungeon, and saw 6 of its levels.

You collected 426 gold pieces.

Inventory:

Hand Weapons
 a - a +0 war axe (weapon)
 g - a +0 shortbow
 s - a +2 short sword of venom
 C - a +2 whip of flaming
Missiles
 w - 4 boomerangs (quivered)
 E - 5 poisoned darts
Armour
 c - a +0 buckler (worn)
 t - a +0 chain mail (worn)
Jewellery
 y - a ring of see invisible (left hand)
Wands
 x - a wand of mindburst (16)
 B - a wand of digging (4)
Scrolls
 f - 4 scrolls of teleportation
 i - a scroll of noise
 j - a scroll of immolation {unknown}
 k - a scroll of acquirement {unknown}
 l - a scroll of silence {unknown}
 n - a scroll of poison {unknown}
 o - 2 scrolls of enchant armour
 p - 2 scrolls of magic mapping {unknown}
 r - a scroll of fear {unknown}
 D - a scroll of blinking {unknown}
Potions
 b - a potion of haste {unknown}
 e - 4 potions of curing
 h - a potion of resistance {unknown}
 m - a potion of flight {unknown}
 q - a potion of lignification {unknown}
 u - 2 potions of mutation
 z - 2 potions of heal wounds
 A - a potion of magic {unknown}


   Skills:
 + Level 6.0 Fighting
 * Level 7.1 Axes
 + Level 3.8 Ranged Weapons
 + Level 3.0 Throwing
 + Level 5.8 Armour
 + Level 3.6 Dodging
 + Level 5.7 Shields


You had 7 spell levels left.
You didn't know any spells.
Your spell library contained the following spells:

 Spells                   Type           Power      Damage    Failure   Level
 Stone Arrow              Conj/Erth      0%         3d7       100%        3
 Lehudib's Crystal Spear  Conj/Erth      0%         10d2      100%        8
 Summon Small Mammal      Summ           Unusable   N/A       N/A         1
 Call Canine Familiar     Summ           Unusable   N/A       N/A         3
 Summon Guardian Golem    Hex/Summ       Unusable   N/A       N/A         3
 Animate Armour           Summ/Erth      Unusable   N/A       N/A         4

Dungeon Overview and Level Annotations

Branches:
Dungeon (6/15)
 Temple: D:4-7

Altars:
Ashenzari
Gozag
Kikubaaqudgha
Nemelex Xobeh
Okawaru
Ru
Sif Muna
Trog
Yredelemnul

Shops:
D:1 *   D:2 *

Annotations:
D:2 1 runed translucent door, Crazy Yiuf
D:3 3 runed translucent doors, Irreverend's ghost, amateur NaTm
D:6 Maggie


Innate Abilities, Weirdness & Mutations

You have a pair of horns on your head.
You reflexively headbutt those who attack you in melee.


Message History

You slash Maggie!
Maggie is moderately wounded.
You closely miss the iguana. You block Maggie's attack.
The grasping roots constrict you! You block the iguana's attack.
The grasping roots release their grip on you.
Unknown command.
You hit Maggie but do no damage.
Maggie is moderately wounded.
You completely miss the iguana.
Maggie mumbles the words to a spell, but in the wrong order.
Maggie casts a spell.
Maggie attempts to bespell you!
You are mesmerised by Maggie!
The iguana closely misses you. You furiously retaliate!
You headbutt the iguana. You block Maggie's attack.
You block the iguana's attack.
You feel very mighty all of a sudden. Maggie misses you.
The iguana barely misses you. You furiously retaliate!
You headbutt the iguana!
You kill the iguana!
Okawaru accepts your kill.
Your Throwing skill increases to level 3!
You closely miss Maggie.
Maggie is moderately wounded.
Maggie hits you with a +1 war axe of flaming.
Maggie burns you.
You barely miss Maggie.
Maggie is moderately wounded.
Maggie points at you and mumbles some strange words.
The bolt of fire hits you!!
* * * LOW HITPOINT WARNING * * *
You barely miss Maggie.
Maggie is moderately wounded.
You block Maggie's attack.
A sleepcap comes into view.
An ogre comes into view. It is wielding a +0 giant club.
You slice Maggie!! Your headbutt misses Maggie.
Maggie is severely wounded.
Maggie hits you with a +1 war axe of flaming.
You die...
O

#.## #.#..
#... #..#
#..#######
#@.†.f..#
##@#
####.##
####....#
#....##.#
###.#####.#
#...# ###
##.###
##..#
#####.)##


You could see Maggie (mesmerising), an ogre and a sleepcap.

Vanquished Creatures
  Pikel (D:5)
  A steam dragon (D:4)
  An orc warrior (D:6)
  A centaur (D:6)
  4 lemures (D:4)
  A howler monkey (D:4)
  2 hounds
  An orc priest (D:6)
  2 gnoll boudas (D:5)
  Terence (D:2)
  2 iguanas
  3 orc wizards
  Ijyb (D:3)
  Robin (D:2)
  16 gnolls
  10 adders
  A white imp (D:6)
  An ufetubus (D:5)
  4 worms
  2 dart slugs
  14 orcs
  13 ball pythons
  7 endoplasms
  12 goblins
  12 hobgoblins
  5 quokkas
  8 bats
  3 frilled lizards
  6 kobolds
  7 rats
143 creatures vanquished.

Notes
Turn   | Place    | Note
-------+----------+-------------------------------------------
     0 | D:1      | seaoflcl the Minotaur Fighter began the quest for the Orb.
     0 | D:1      | Reached XP level 1. HP: 19/19 MP: 0/0
    57 | D:1      | Reached XP level 2. HP: 27/27 MP: 1/1
   136 | D:1      | Reached skill level 3 in Axes
   170 | D:1      | Found a faded altar of an unknown god.
   264 | D:1      | Found Vamig's Assorted Antiques.
   368 | D:1      | Reached XP level 3. HP: 30/33 MP: 2/2
   612 | D:2      | Noticed Terence
   629 | D:2      | Killed Terence
   748 | D:2      | Found Qycs's Assorted Antiques.
   851 | D:2      | Noticed Robin
   859 | D:2      | Reached XP level 4. HP: 37/40 MP: 3/3
   864 | D:2      | Killed Robin
   865 | D:2      | Reached skill level 1 in Ranged Weapons
   865 | D:2      | Reached skill level 1 in Dodging
  1311 | D:2      | Found a runed translucent door.
  1312 | D:2      | Noticed Crazy Yiuf
  1594 | D:3      | Reached skill level 4 in Axes
  1597 | D:3      | Reached XP level 5. HP: 29/46 MP: 4/4
  1688 | D:3      | Found a runed translucent gate.
  1688 | D:3      | Found a runed translucent gate.
  1688 | D:3      | Found an opulent altar of Gozag.
  1688 | D:3      | Found a runed translucent gate.
  1769 | D:3      | Noticed Irreverend's ghost (amateur NaTm)
  1975 | D:3      | Found a broken altar of Ashenzari.
  2114 | D:3      | Noticed Ijyb
  2119 | D:3      | Killed Ijyb
  2564 | D:4      | Reached XP level 6. HP: 46/53 MP: 5/5
  2687 | D:4      | Reached skill level 1 in Throwing
  2703 | D:4      | You fall into a shaft and drop 1 floor!
  2703 | D:5      | Entered Level 5 of the Dungeon
  3146 | D:5      | Noticed Pikel
  3261 | D:4      | Found a bloodstained altar of Trog.
  3261 | D:4      | Found a sacrificial altar of Ru.
  3261 | D:4      | Found a shimmering blue altar of Sif Muna.
  3272 | D:4      | Found a basalt altar of Yredelemnul.
  3306 | D:4      | Found an iron altar of Okawaru.
  3565 | D:4      | Found a sparkling altar of Nemelex Xobeh.
  3636 | D:4      | Noticed a steam dragon
  3644 | D:4      | Killed a steam dragon
  3645 | D:4      | Reached skill level 5 in Axes
  3979 | D:4      | Reached XP level 7. HP: 59/60 MP: 6/6
  4043 | D:4      | Became a worshipper of Warmaster Okawaru
  4164 | D:5      | Killed Pikel
  4164 | D:5      | Reached * piety under Okawaru
  4165 | D:5      | Reached skill level 5 in Fighting
  4165 | D:5      | Reached skill level 6 in Axes
  4165 | D:5      | Reached skill level 5 in Armour
  4165 | D:5      | Reached skill level 5 in Shields
  4322 | D:5      | Reached XP level 8. HP: 69/69 MP: 7/7
  5275 | D:6      | Found an ancient bone altar of Kikubaaqudgha.
  5318 | D:6      | Reached skill level 7 in Axes
  5320 | D:6      | Reached ** piety under Okawaru
  5356 | D:6      | Noticed Maggie
  5366 | D:6      | Slain by Maggie

Illustrated notes

Levels and vault maps discovered:
D:1:      heliophobic_arrival_glass_houses, layout_basic,
          ebering_ecumenical_altar_box, serial_shops, shop_statue, minivault_27
D:2:      layout_loops_cross, serial_shops, shop, uniq_terence, uniq_robin,
          uniq_crazy_yiuf_cottage
D:3:      layout_loops_ring, lemuel_doored_altar, ebering_ghost_gozag, uniq_ijyb
D:4:      layout_basic, minmay_overflow_temple_star_hex, nemelex_altar_shiori,
          kennysheep_flooded_box, grunt_tough_drop
D:5:      layout_basic, hangedman_decor_slide_cut, uniq_pikel
D:6:      minmay_chambers_of_fours, layout_layer_cave,
          mainiacjoe_overflow_brackets, general_overflow_altar,
          nicolae_good_shop, uniq_sigmund, uniq_maggie

Skill      XL: |  1  2  3  4  5  6  7  8 |
---------------+-------------------------+-----
Axes           | 3 4 5 6 7 |  7.1
Fighting       | 4 5 6 |  6.0
Armour         | 4 5 |  5.8
Shields        | 4 5 |  5.7
Ranged Weapons | 1 2 3 |  3.8
Dodging        | 1 2 3 |  3.6
Throwing       | 1 2 3 |  3.0

Action                     |  1- 3 |  4- 6 |  7- 9 || total
---------------------------+-------+-------+-------++-------
  Melee: War axe           |    77 |   177 |   107 ||   361
         Headbutt          |    12 |    27 |    23 ||    62
  Throw: Boomerang         |       |       |    14 ||    14
    Use: Scroll            |       |       |     6 ||     6
         Potion            |       |       |     1 ||     1
 Armour: Scale mail        |    31 |    16 |       ||    47
         Chain mail        |       |    69 |    49 ||   118
  Dodge: Dodged            |    43 |    64 |    54 ||   161
  Block: Buckler           |    14 |    38 |    35 ||    87
